 Dungeon Crawl Stone Soup version 0.22.1-6-g1668fe2 (webtiles) character file.

5751 dvd the Quickloader (level 10, 0/51 HPs)
             Began as a Vine Stalker Gladiator on Jan 27, 2019.
             Was a Believer of Makhleb.
             Slain by a troll (5 damage)
             ... on level 11 of the Dungeon.
             The game lasted 00:27:28 (9567 turns).

dvd the Quickloader (Vine Stalker Gladiator)        Turns: 9567, Time: 00:27:29

Health: 0/51       AC:  9    Str: 20    XL:     10   Next: 77%
Magic:  0/11       EV: 14    Int:  8    God:    Makhleb [**....]
Gold:   227        SH:  0    Dex: 16    Spells: 9/9 levels left

rFire    . . .     SeeInvis .   R - +5 executioner's axe (vamp)
rCold    . . .     Gourm    .   (shield currently unavailable)
rNeg     . . .     Faith    .   v - +2 leather armour {rPois}
rPois    +         Spirit   +   N - +0 helmet
rElec    .         Reflect  .   (no cloak)
rCorr    .         Harm     .   (no gloves)
MR       +....                  x - +2 pair of boots
Stlth    ++........             s - amulet of rage
HPRegen  0.57/turn              O - ring of flight
MPRegen  0.12/turn              (no ring)

@: no status effects
A: fangs 3, regeneration 1, magic shield, antimagic bite, no potion heal 3, rot
immunity
a: Minor Destruction, Renounce Religion, Evoke Berserk Rage, Evoke Flight


You were on level 11 of the Dungeon.
You worshipped Makhleb.
Makhleb was pleased with you.
You were not hungry.

You visited 2 branches of the dungeon, and saw 12 of its levels.

You collected 669 gold pieces.
You spent 442 gold pieces at shops.

Inventory:

Hand Weapons
 a - a +2 spear of piercing
 b - the +11 arbalest of Salula {elec, rN+}
   (You found it on level 4 of the Dungeon)

   It charges the ammunition it shoots with electricity; occasionally upon a
   hit, such missiles may discharge and cause terrible harm.
   It protects you from negative energy.
 c - a +2 hand axe of venom
 n - a +0 war axe
 E - a cursed +0 spear
 F - a +2 whip of freezing
 Q - the +7 halberd of Wounding {drain, rC+}
   (You found it on level 10 of the Dungeon)

   A truly terrible weapon, it drains the life of those it strikes.
   It protects you from cold.
 R - a +5 vampiric executioner's axe (weapon)
Missiles
 d - 4 throwing nets
 h - 5 javelins of returning (quivered)
 m - 5 steel javelins
 J - 8 javelins
Armour
 k - a +0 ring mail
 v - a +2 leather armour of poison resistance (worn)
 x - a +2 pair of boots (worn)
 N - a +0 helmet (worn)
Jewellery
 j - an uncursed ring of ice
 s - an amulet of rage (around neck)
 H - an uncursed ring of ice
 O - a ring of flight (left hand)
Wands
 r - a wand of disintegration (12)
 w - a wand of scattershot (6)
 C - a wand of polymorph (46)
 G - a wand of digging (8)
 L - a wand of acid (9)
 P - a wand of flame (19)
Scrolls
 e - 7 scrolls of remove curse
 g - 6 scrolls of identify
 p - 3 scrolls of teleportation
 A - 2 scrolls of magic mapping
 B - a scroll of blinking
 I - a scroll of immolation
 M - 2 scrolls of amnesia {unknown}
 T - 2 scrolls of vulnerability {unknown}
Potions
 i - 2 potions of invisibility {unknown}
 l - 2 potions of haste {unknown}
 o - a potion of resistance {unknown}
 q - 2 potions of might
 t - 4 potions of brilliance {unknown}
 u - 2 potions of flight {unknown}
 y - a potion of ambrosia {unknown}
 z - a potion of lignification {unknown}
 D - 6 potions of curing {unknown}
 S - a potion of agility {unknown}
Comestibles
 f - 9 rations
 U - 10 chunks of flesh


   Skills:
 + Level 5.5 Fighting
 + Level 5.6(6.9) Axes
 + Level 6.0(7.1) Polearms
 + Level 8.4 Crossbows
 + Level 2.8 Throwing
 + Level 3.3 Armour
 + Level 4.5 Dodging
 + Level 3.6 Stealth


You had 9 spell levels left.
You didn't know any spells.
Your spell library contained the following spells:

 Spells                   Type           Power        Failure   Level  Hunger
 Magic Dart               Conj           #...         45%         1    ##.....
 Searing Ray              Conj           #.....       58%         2    ###....
 Dazzling Spray           Conj/Hex       #.....       83%         3    ####...
 Force Lance              Conj/Tloc      #.......     99%         4    #####..
 Fulminant Prism          Conj/Hex       #.........   99%         4    #####..
 Iskenderun's Mystic Bla  Conj           #.......     99%         4    #####..


Dungeon Overview and Level Annotations

Branches:
Dungeon (11/15)            Temple (1/1) D:6
   Lair: D:8-11         Orc: D:9-12

Altars:
Ashenzari
Dithmenos
Elyvilon
Hepliaklqana
Makhleb
Trog
Uskayaw

Shops:
D:6 (

Annotations:
D:8 1 runed door, Kairos's ghost, novice VSFi


Innate Abilities, Weirdness & Mutations

You have razor-sharp teeth.
Your natural rate of healing is unusually fast.
When hurt, damage is shared between your health and your magic reserves.
Your bite disrupts and absorbs the magic of your enemies.
Potions cannot restore your health.
You are immune to rotting.


Message History

The troll claws you but does no damage. The troll bites you.
The troll claws you but does no damage. The troll closely misses you.
The gnoll hits you with a club. The gnoll sergeant misses you.
The troll bites you but does no damage. The troll claws you.
The troll claws you but does no damage.
You slash the gnoll!
You feel better.
The gnoll is almost dead.
You slash the troll! You hit the troll. The troll closely misses you.
The troll claws you! The troll closely misses you.
The gargoyle hurls a stone arrow at you.
The stone arrow misses you.
The stone arrow hits the troll.
The gnoll closely misses you.
The gnoll sergeant hits you from afar with a spear.
* * * LOW HITPOINT WARNING * * *
The troll bites you.
* * * LOW HITPOINT WARNING * * *
The troll claws you!
* * * LOW HITPOINT WARNING * * *
The troll claws you.
You die...

.. .# ## .## #.
.. . #.##.##
... #....$#....
#.TT)g'....
#@†.#
........g.9....
......##..#....
...... ..# ...
..... ..# .
####. ..# # .:#
..#


You could see 2 trolls, a gargoyle, a gnoll sergeant and a gnoll.

Vanquished Creatures
  A centaur warrior (D:9)
  Pikel (D:6)
  A merfolk (D:10)
  A wyvern (D:8)
  Grum (D:10)
  A hungry ghost (D:10)
  Menkaure (D:6)
  4 orc warriors
  An ice beast (D:9)
  A slave (D:6)
  A necrophage (D:10)
  2 wolves (D:10)
  A centaur (D:5)
  A black bear (D:8)
  4 ogres
  A crocodile (D:10)
  Blork the orc (D:6)
  2 big kobolds (D:10)
  4 bullfrogs
  A wyvern zombie (D:10)
  3 scorpions
  5 wights (D:9)
  5 howler monkeys
  5 crimson imps
  3 hounds
  A centaur zombie (D:6)
  5 jellies
  4 bullfrog skeletons
  5 orc priests
  2 centaur skeletons
  8 orc wizards
  6 worker ants
  A hound zombie (D:7)
  A worker ant zombie (D:9)
  6 gnolls
  17 adders
  A shadow imp (D:10)
  9 oozes
  An adder skeleton (D:4)
  An adder zombie (D:7)
  4 worms
  A dart slug (D:1)
  5 leopard geckos
  29 orcs
  A ball python (D:7)
  2 giant cockroaches
  10 goblins
  6 hobgoblins
  12 jackals
  3 quokkas
  6 bats
  13 frilled lizards
  19 kobolds
  A quokka skeleton (D:7)
  7 rats
239 creatures vanquished.

Vanquished Creatures (others)
  A fungus (D:2)
  8 toadstools (D:2)
  2 withered plants (D:8)
11 creatures vanquished.

Grand Total: 250 creatures vanquished

Notes
Turn   | Place    | Note
-------+----------+-------------------------------------------
     0 | D:1      | dvd the Vine Stalker Gladiator began the quest for the Orb.
     0 | D:1      | Reached XP level 1. HP: 11/11 MP: 2/2
    66 | D:1      | Reached XP level 2. HP: 15/15 MP: 3/3
   469 | D:1      | Reached XP level 3. HP: 13/18 MP: 4/4
  1516 | D:2      | Gained mutation: Your natural rate of healing is unusually
                  | fast. [Vine Stalker growth]
  1516 | D:2      | Reached XP level 4. HP: 23/23 MP: 5/5
  1744 | D:2      | Reached skill level 1 in Polearms
  1744 | D:2      | Reached skill level 1 in Stealth
  1747 | D:2      | Reached XP level 5. HP: 24/27 MP: 4/6
  1779 | D:2      | Reached skill level 1 in Armour
  2417 | D:3      | Found a faded altar of an unknown god.
  2467 | D:3      | Reached XP level 6. HP: 32/32 MP: 7/7
  3170 | D:4      | Got a shimmering arbalest
  3171 | D:4      | Identified the +11 arbalest of Salula {elec, rN+} (You
                  | found it on level 4 of the Dungeon)
  3328 | D:4      | Reached XP level 7. HP: 35/35 MP: 8/8
  3424 | D:4      | Reached skill level 1 in Crossbows
  4042 | D:5      | Entered Level 5 of the Dungeon
  4066 | D:5      | Reached skill level 2 in Crossbows
  5040 | D:6      | Noticed Blork the orc
  5043 | D:6      | Killed Blork the orc
  5043 | D:6      | Reached skill level 3 in Crossbows
  5059 | D:6      | Found Imynist's Antique Weapon Boutique.
  5074 | D:6      | Gained mutation: You have razor-sharp teeth. [Vine Stalker
                  | growth]
  5074 | D:6      | Reached XP level 8. HP: 27/40 MP: 6/9
  5101 | D:6      | Reached skill level 4 in Crossbows
  5398 | D:6      | Found a staircase to the Ecumenical Temple.
  5407 | Temple   | Entered the Ecumenical Temple
  5420 | Temple   | Became a worshipper of Makhleb the Destroyer
  5490 | D:6      | Reached skill level 5 in Crossbows
  5629 | D:6      | Noticed Menkaure
  5632 | D:6      | Killed Menkaure
  5632 | D:6      | Reached skill level 6 in Crossbows
  5776 | D:6      | Reached XP level 9. HP: 45/45 MP: 10/10
  5819 | D:6      | Noticed Pikel
  5866 | D:6      | Killed Pikel
  5883 | D:6      | Reached * piety under Makhleb
  6921 | D:8      | Reached skill level 7 in Crossbows
  7006 | D:8      | Found a white marble altar of Elyvilon.
  7236 | D:8      | Reached ** piety under Makhleb
  7425 | D:8      | Found a runed door.
  7426 | D:8      | Noticed Kairos's ghost (novice VSFi)
  7512 | D:8      | Reached skill level 5 in Polearms
  7920 | D:9      | Noticed a centaur warrior
  7931 | D:9      | Killed a centaur warrior
  7931 | D:9      | Reached skill level 5 in Fighting
  7931 | D:9      | Reached skill level 5 in Axes
  7931 | D:9      | Reached XP level 10. HP: 26/51 MP: 4/11
  8201 | D:9      | Reached skill level 8 in Crossbows
  8238 | D:9      | Found a shadowy altar of Dithmenos.
  8400 | D:6      | Bought a glowing executioner's axe for 442 gold pieces
  8582 | D:9      | Noticed a five-headed hydra
  8738 | D:10     | Entered Level 10 of the Dungeon
  8738 | D:10     | Noticed Grum
  8756 | D:10     | Killed Grum
  9068 | D:10     | Got a faintly glowing halberd
  9070 | D:10     | Identified the +7 halberd of Wounding {drain, rC+} (You
                  | found it on level 10 of the Dungeon)
  9229 | D:10     | Found a shattered altar of Ashenzari.
  9563 | D:11     | Noticed a gargoyle
  9567 | D:11     | Slain by a troll

Skill      XL: |  1  2  3  4  5  6  7  8  9 10 |
---------------+-------------------------------+-----
Axes           | 3 5 |  5.6
Fighting       | 2 3 5 |  5.5
Dodging        | 3 4 |  4.5
Polearms       | 1 2 3 4 5 6 |  6.0
Stealth        | 1 2 3 |  3.6
Armour         | 1 2 3 |  3.3
Crossbows      | 3 6 7 8 |  8.4
Throwing       | 2 |  2.8

Action                   |  1- 3 |  4- 6 |  7- 9 | 10-12 || total
-------------------------+-------+-------+-------+-------++-------
Melee: War axe           |    52 |     4 |    28 |       ||    84
       Bite              |    16 |    37 |    58 |    78 ||   189
       Spear             |    52 |   199 |   133 |   142 ||   526
       Hand axe          |       |       |    10 |    25 ||    35
       Executioner's axe |       |       |       |    47 ||    47
 Fire: Arbalest          |       |     2 |    97 |     3 ||   102
Throw: Javelin           |       |     1 |    10 |     8 ||    19
       Throwing net      |       |       |     5 |     1 ||     6
  Use: Potion            |     2 |       |       |       ||     2
       Scroll            |       |       |       |    14 ||    14
 Stab: Sleeping          |     1 |     2 |     2 |     2 ||     7
       Held in net/web   |       |       |     1 |       ||     1
  Eat: Chunk             |     2 |     6 |     8 |     8 ||    24
       Ration            |       |       |     2 |     2 ||     4
Armor: Leather armour    |    35 |    23 |    41 |    76 ||   175
       Ring mail         |       |    14 |       |       ||    14
Dodge: Dodged            |    82 |    87 |    95 |   143 ||   407
